| TOP OF THE 1ST |
|
Biloxi Shuckers batting - Pitching for Mississippi Braves : RHP Tim Catalano
|
|
Pitching: RHP Tim Catalano
|
|
|
Batting: RHB Carlos Salazar
|
0-0: Ball 1-0: Ground out 3-1 (Groundball, 34S, EV 87.5 MPH)
|
|
Batting: SHB Jamel Wright
|
0-0: SINGLE (Groundball, 4MS, EV 76.9 MPH) (infield hit)
|
|
Batting: LHB Joe Vida
|
0-0: Called Strike Jamel Wright steals 2nd base 0-1: Ball 1-1: Ball 2-1: Ball Jamel Wright steals 3rd base 3-1: Swinging Strike 3-2: Foul Ball, location: 2F 3-2: Ground out 6-3 (Groundball, 6S, EV 66.2 MPH) Jamel Wright scores
|
|
Batting: RHB Mike Ball
|
0-0: Ball 1-0: Swinging Strike 1-1: Ground out U3 (Groundball, 34S, EV 86.2 MPH)
|
| Top of the 1st over - 1 run, 1 hit, 0 errors, 0 left on base; Biloxi 1 - Mississippi 0 |
| BOTTOM OF THE 1ST |
|
Mississippi Braves batting - Pitching for Biloxi Shuckers : RHP Josh Pelletier
|
|
Pitching: RHP Josh Pelletier
|
|
|
Batting: RHB Tim Nettles
|
0-0: Ball 1-0: Called Strike 1-1: Ball 2-1: Foul Ball, location: 2F 2-2: Foul Ball, location: 2F 2-2: Ball 3-2: Foul Ball, location: 2F 3-2: SINGLE (Line Drive, 34D, EV 94.4 MPH)
|
|
Batting: LHB Rodolfo Cano
|
0-0: Ball 1-0: Foul Ball, location: 2F 1-1: Ball 2-1: Swinging Strike 2-2: Ball 3-2: Strikes out swinging
|
|
Batting: LHB Ryan Braden
|
0-0: Ball Tim Nettles steals 2nd base 1-0: Foul Ball, location: 2F 1-1: 2-RUN HOME RUN (Flyball, 9D, EV 101.2 MPH), Distance : 382 ft
|
|
Batting: SHB Brian Bagley
|
0-0: Called Strike 0-1: Ball 1-1: Ball 2-1: Ball 3-1: Called Strike 3-2: Foul Ball, location: 2F 3-2: Foul Ball, location: 2F 3-2: SINGLE (Groundball, 34D, EV 95.6 MPH)
|
|
Batting: RHB Jack Power
|
0-0: Ball 1-0: Ball 2-0: Ball 3-0: Foul Ball, location: 2F 3-1: Base on Balls Brian Bagley to second
|
|
Batting: LHB Raul Guarjardo
|
0-0: Ground out 4-3 (Groundball, 4MS, EV 59.4 MPH) Brian Bagley to third Jack Power to second
|
|
Batting: RHB Yorkis Saiki
|
0-0: Swinging Strike 0-1: Called Strike 0-2: Ball 1-2: SINGLE (Groundball, 6D, EV 106.2 MPH) Brian Bagley scores Jack Power to third Runner from 3rd tries for Home, SAFE, throw by LF to home Yorkis Saiki to second
|
|
Batting: LHB Jeremy Larson
|
0-0: Called Strike 0-1: Ball 1-1: Called Strike 1-2: Ball 2-2: Ball 3-2: Foul Ball, location: 2F 3-2: Base on Balls
|
|
Batting: RHB Edwin Cota
|
0-0: Called Strike 0-1: Ball 1-1: Ball 2-1: Swinging Strike 2-2: Strikes out swinging
|
| Bottom of the 1st over - 4 runs, 4 hits, 0 errors, 2 left on base; Biloxi 1 - Mississippi 4 |
| TOP OF THE 2ND |
|
Biloxi Shuckers batting - Pitching for Mississippi Braves : RHP Tim Catalano
|
|
Batting: RHB Matthew Adams
|
0-0: Fly out, F8 (Flyball, 8RM, EV 76.2 MPH)
|
|
Batting: RHB Nick Spiller
|
0-0: Called Strike 0-1: Ball 1-1: Called Strike 1-2: Foul Ball, location: 2F 1-2: Strikes out swinging
|
|
Batting: RHB Rafael Medina
|
0-0: Ball 1-0: Ball 2-0: Hit by Pitch
|
|
Batting: RHB Matt Saunders
|
0-0: Ball 1-0: Fly out, F9 (Flyball, 9LS, EV 84.4 MPH)
|
| Top of the 2nd over - 0 runs, 0 hits, 0 errors, 1 left on base; Biloxi 1 - Mississippi 4 |
| BOTTOM OF THE 2ND |
|
Mississippi Braves batting - Pitching for Biloxi Shuckers : RHP Josh Pelletier
|
|
Batting: RHB Tim Nettles
|
0-0: Ball 1-0: Swinging Strike 1-1: Swinging Strike 1-2: Ball 2-2: Foul Ball, location: 2F 2-2: SINGLE (Groundball, 25, EV 65.0 MPH) (infield hit)
|
|
Batting: LHB Rodolfo Cano
|
0-0: Ball Tim Nettles steals 2nd base 1-0: Foul Ball, location: 2F 1-1: Foul Ball, location: 2F 1-2: Foul Ball, location: 2F 1-2: Ball 2-2: Ball 3-2: SINGLE (Flyball, 6D, EV 81.2 MPH) Tim Nettles to third
|
|
Batting: LHB Ryan Braden
|
0-0: Ball 1-0: Ball 2-0: Ball 3-0: Called Strike 3-1: SINGLE (Line Drive, 8RS, EV 90.6 MPH) Tim Nettles scores Rodolfo Cano to second
|
|
Pitching: LHP Trevor Sharp
|
|
|
Batting: SHB Brian Bagley
|
0-0: Swinging Strike 0-1: Called Strike 0-2: Ball 1-2: Fielders Choice at 2nd, 6-4 (Groundball, 6, EV 76.9 MPH) Rodolfo Cano to third
|
|
Batting: RHB Jack Power
|
0-0: Fly out, F2 (Popup, 25F, EV 81.9 MPH)
|
|
Batting: LHB Raul Guarjardo
|
0-0: Called Strike 0-1: Foul Ball, location: 2F 0-2: Foul Ball, location: 2F 0-2: Strikes out swinging
|
| Bottom of the 2nd over - 1 run, 3 hits, 0 errors, 2 left on base; Biloxi 1 - Mississippi 5 |
| TOP OF THE 3RD |
|
Biloxi Shuckers batting - Pitching for Mississippi Braves : RHP Tim Catalano
|
|
Batting: RHB Jamie Youngs
|
0-0: Ball 1-0: Ground out 3-1 (Groundball, 34S, EV 85.6 MPH)
|
|
Batting: RHB Carlos Salazar
|
0-0: Foul Ball, location: 2F 0-1: Foul Ball, location: 2F 0-2: Ground out 5-3 (Groundball, 5, EV 101.2 MPH)
|
|
Batting: SHB Jamel Wright
|
0-0: Ball 1-0: Called Strike 1-1: Foul Ball, location: 2F 1-2: Ball 2-2: Foul Ball, location: 2F 2-2: Foul Ball, location: 2F 2-2: Ball 3-2: Foul Ball, location: 2F 3-2: Base on Balls
|
|
Batting: LHB Joe Vida
|
0-0: Called Strike 0-1: Called Strike Jamel Wright steals 2nd base 0-2: Ball 1-2: Ball 2-2: Foul Ball, location: 2F 2-2: Strikes out swinging
|
| Top of the 3rd over - 0 runs, 0 hits, 0 errors, 1 left on base; Biloxi 1 - Mississippi 5 |
| BOTTOM OF THE 3RD |
|
Mississippi Braves batting - Pitching for Biloxi Shuckers : LHP Trevor Sharp
|
|
Batting: RHB Yorkis Saiki
|
0-0: Ball 1-0: Called Strike 1-1: Ball 2-1: Foul Ball, location: 7LSF, Error on foul ball, E7 2-2: Ball 3-2: Ground out 4-3 (Groundball, 4, EV 90.6 MPH)
|
|
Batting: LHB Jeremy Larson
|
0-0: Called Strike 0-1: Fly out, F8 (Flyball, 8LXD, EV 103.8 MPH)
|
|
Batting: RHB Edwin Cota
|
0-0: Foul Ball, location: 2F 0-1: Ball 1-1: Ball 2-1: Ball 3-1: Called Strike 3-2: Ground out 6-3 (Groundball, 6, EV 77.5 MPH)
|
| Bottom of the 3rd over - 0 runs, 0 hits, 1 error, 0 left on base; Biloxi 1 - Mississippi 5 |
| TOP OF THE 4TH |
|
Biloxi Shuckers batting - Pitching for Mississippi Braves : RHP Tim Catalano
|
|
Batting: RHB Mike Ball
|
0-0: Ball 1-0: Ball 2-0: Ball 3-0: Called Strike 3-1: Base on Balls
|
|
Batting: RHB Matthew Adams
|
0-0: Ball 1-0: Ball 2-0: Ball 3-0: Base on Balls Mike Ball to second
|
|
Batting: RHB Nick Spiller
|
0-0: Swinging Strike 0-1: Ball 1-1: Foul Ball, location: 2F 1-2: Strikes out swinging
|
|
Batting: RHB Rafael Medina
|
0-0: Ball 1-0: Ball 2-0: Ball 3-0: Base on Balls Mike Ball to third Matthew Adams to second
|
|
Batting: RHB Matt Saunders
|
0-0: Called Strike 0-1: Grounds into double play, 6-2-3 (Groundball, 6, EV 89.4 MPH)
|
| Top of the 4th over - 0 runs, 0 hits, 0 errors, 2 left on base; Biloxi 1 - Mississippi 5 |
| BOTTOM OF THE 4TH |
|
Mississippi Braves batting - Pitching for Biloxi Shuckers : LHP Trevor Sharp
|
|
Batting: RHB Tim Nettles
|
0-0: Called Strike 0-1: Foul Ball, location: 2F 0-2: Foul Ball, location: 2F 0-2: Fly out, F8 (Flyball, 8LM, EV 87.5 MPH)
|
|
Batting: LHB Rodolfo Cano
|
0-0: Called Strike 0-1: Ball 1-1: Called Strike 1-2: Strikes out looking
|
|
Batting: LHB Ryan Braden
|
0-0: Ball 1-0: DOUBLE (Line Drive, 9LM, EV 98.8 MPH)
|
|
Batting: SHB Brian Bagley
|
0-0: Ball 1-0: Foul Ball, location: 2F 1-1: Ground out 5-3 (Groundball, 56, EV 83.8 MPH)
|
| Bottom of the 4th over - 0 runs, 1 hit, 0 errors, 1 left on base; Biloxi 1 - Mississippi 5 |
| TOP OF THE 5TH |
|
Biloxi Shuckers batting - Pitching for Mississippi Braves : RHP Tim Catalano
|
|
Batting: RHB Jamie Youngs
|
0-0: Called Strike 0-1: Swinging Strike 0-2: Ball 1-2: Strikes out swinging
|
|
Batting: RHB Carlos Salazar
|
0-0: Swinging Strike 0-1: Ball 1-1: Swinging Strike 1-2: Foul Ball, location: 2F 1-2: Ground out 3-1 (Groundball, 34, EV 95.6 MPH)
|
|
Batting: SHB Jamel Wright
|
0-0: Called Strike 0-1: Foul Ball, location: 2F 0-2: Ground out 4-3 (Groundball, 4D, EV 111.2 MPH)
|
| Top of the 5th over - 0 runs, 0 hits, 0 errors, 0 left on base; Biloxi 1 - Mississippi 5 |
| BOTTOM OF THE 5TH |
|
Mississippi Braves batting - Pitching for Biloxi Shuckers : LHP Trevor Sharp
|
|
Batting: RHB Jack Power
|
0-0: Called Strike 0-1: Ball 1-1: Swinging Strike 1-2: Foul Ball, location: 2F 1-2: Ball 2-2: Ground out 5-3 (Groundball, 5, EV 102.5 MPH)
|
|
Batting: LHB Raul Guarjardo
|
0-0: Ball 1-0: Ground out 6-3 (Groundball, 6, EV 81.2 MPH)
|
|
Batting: RHB Yorkis Saiki
|
0-0: Ground out 6-3 (Groundball, 6, EV 81.9 MPH)
|
| Bottom of the 5th over - 0 runs, 0 hits, 0 errors, 0 left on base; Biloxi 1 - Mississippi 5 |
| TOP OF THE 6TH |
|
Biloxi Shuckers batting - Pitching for Mississippi Braves : RHP Tim Catalano
|
|
Batting: LHB Joe Vida
|
0-0: Called Strike 0-1: Ball 1-1: Foul Ball, location: 2F 1-2: Ball 2-2: Ball 3-2: Foul Ball, location: 2F 3-2: Fly out, F9 (Flyball, 9D, EV 79.4 MPH)
|
|
Batting: RHB Mike Ball
|
0-0: Called Strike 0-1: Swinging Strike 0-2: Ball 1-2: Ball 2-2: Foul Ball, location: 2F 2-2: Ball 3-2: Foul Ball, location: 2F 3-2: Base on Balls
|
|
Batting: RHB Matthew Adams
|
0-0: Called Strike 0-1: DOUBLE (Line Drive, 89XD, EV 104.4 MPH) Mike Ball to third
|
|
Pitching: RHP Marko Martin
|
|
|
Batting: RHB Nick Spiller
|
0-0: Ball 1-0: SINGLE (Line Drive, 89S, EV 100.0 MPH) Mike Ball scores Matthew Adams to third
|
|
Batting: RHB Rafael Medina
|
0-0: Ground out 5-3 (Groundball, 56S, EV 85.6 MPH) Nick Spiller to second
|
|
Batting: RHB Matt Saunders
|
0-0: Called Strike 0-1: Swinging Strike 0-2: Ball 1-2: Foul Ball, location: 2F 1-2: Ball 2-2: Foul Ball, location: 2F 2-2: Strikes out swinging
|
| Top of the 6th over - 1 run, 2 hits, 0 errors, 2 left on base; Biloxi 2 - Mississippi 5 |
| BOTTOM OF THE 6TH |
|
Mississippi Braves batting - Pitching for Biloxi Shuckers : LHP Trevor Sharp
|
|
Batting: RHB Johnny Burroughs
|
0-0: Called Strike 0-1: Foul Ball, location: 2F 0-2: Ball 1-2: Ground out 4-3 (Groundball, 34, EV 102.5 MPH)
|
|
Batting: RHB Edwin Cota
|
0-0: SINGLE (Groundball, 6S, EV 68.1 MPH) (infield hit)
|
|
Batting: RHB Tim Nettles
|
0-0: Single, Error in OF, E8, batter to second base (Groundball, 6MD, EV 100.6 MPH) Edwin Cota to third
|
|
Pitching: LHP Matt Hirschi
|
|
|
Batting: LHB Rodolfo Cano
|
0-0: Foul Ball, location: 2F 0-1: Foul Ball, location: 2F 0-2: DOUBLE (Groundball, 5L, EV 104.4 MPH) Edwin Cota scores Tim Nettles scores
|
|
Batting: LHB Ryan Braden
|
0-0: Ball 1-0: Fly out, F7 (Line Drive, 7, EV 107.5 MPH)
|
|
Batting: SHB Brian Bagley
|
0-0: Swinging Strike 0-1: Fly out, F8 (Flyball, 89D, EV 97.5 MPH)
|
| Bottom of the 6th over - 2 runs, 3 hits, 1 error, 1 left on base; Biloxi 2 - Mississippi 7 |
| TOP OF THE 7TH |
|
Biloxi Shuckers batting - Pitching for Mississippi Braves : RHP Marko Martin
|
|
Batting: RHB Jamie Youngs
|
0-0: Fly out, F8 (Flyball, 89D, EV 97.5 MPH)
|
|
Pitching: LHP Benjamin Pater
|
|
|
Batting: RHB Carlos Salazar
|
0-0: Called Strike 0-1: Ball 1-1: SINGLE (Groundball, 6MD, EV 101.9 MPH)
|
|
Batting: SHB Jamel Wright
|
0-0: Ball Carlos Salazar steals 2nd, throwing error, E2 Carlos Salazar to third 1-0: Reached on error, E1 (Groundball, 13S, EV 64.4 MPH) Carlos Salazar scores
|
|
Batting: RHB Eric Sullivan
|
0-0: Ball 1-0: Swinging Strike 1-1: Called Strike 1-2: Foul Ball, location: 2F 1-2: Ball 2-2: Ball 3-2: Foul Ball, location: 2F 3-2: Base on Balls
|
|
Batting: RHB Mike Ball
|
0-0: Ground out 4-3 (Groundball, 4S, EV 65.0 MPH) Jamel Wright to third Eric Sullivan to second
|
|
Pitching: RHP Nate Davis
|
|
|
Batting: RHB Matthew Adams
|
0-0: Called Strike 0-1: Foul Ball, location: 2F 0-2: Ball 1-2: Foul Ball, location: 2F 1-2: Foul Ball, location: 2F 1-2: Ball 2-2: Strikes out looking
|
| Top of the 7th over - 1 run, 1 hit, 2 errors, 2 left on base; Biloxi 3 - Mississippi 7 |
| BOTTOM OF THE 7TH |
|
Mississippi Braves batting - Pitching for Biloxi Shuckers : LHP Matt Hirschi
|
|
Batting: RHB Jack Power
|
0-0: Ball 1-0: Called Strike 1-1: Ball 2-1: Ball 3-1: Fly out, F8 (Flyball, 78M, EV 93.8 MPH)
|
|
Batting: LHB Raul Guarjardo
|
0-0: Called Strike 0-1: Called Strike 0-2: Ball 1-2: Foul Ball, location: 2F 1-2: SINGLE (Groundball, 3S, EV 67.5 MPH) (infield hit)
|
|
Batting: RHB Yorkis Saiki
|
0-0: Called Strike 0-1: Foul Ball, location: 2F 0-2: Ball 1-2: Grounds into double play, 6-4-3 (Groundball, 6, EV 100.0 MPH)
|
| Bottom of the 7th over - 0 runs, 1 hit, 0 errors, 0 left on base; Biloxi 3 - Mississippi 7 |
| TOP OF THE 8TH |
|
Biloxi Shuckers batting - Pitching for Mississippi Braves : RHP Nate Davis
|
|
Batting: RHB Nick Spiller
|
0-0: Called Strike 0-1: Ball 1-1: Ball 2-1: Ball 3-1: Foul Ball, location: 2F 3-2: Reached on error, E6 (Groundball, 6D, EV 101.2 MPH)
|
|
Batting: RHB Rafael Medina
|
0-0: Ball 1-0: Foul Ball, location: 2F 1-1: Called Strike 1-2: Strikes out swinging
|
|
Batting: RHB Matt Saunders
|
0-0: Called Strike 0-1: Ball 1-1: Foul Ball, location: 2F 1-2: Ball 2-2: Strikes out swinging
|
|
Batting: RHB Jamie Youngs
|
0-0: Ball 1-0: Foul Ball, location: 2F 1-1: Ground out 6-3 (Groundball, 6MS, EV 79.4 MPH)
|
| Top of the 8th over - 0 runs, 0 hits, 1 error, 1 left on base; Biloxi 3 - Mississippi 7 |
| BOTTOM OF THE 8TH |
|
Mississippi Braves batting - Pitching for Biloxi Shuckers : LHP Matt Hirschi
|
|
Pitching: RHP Austin Trzcinski
|
|
|
Batting: RHB Johnny Burroughs
|
0-0: Fly out, F8 (Flyball, 8LS, EV 90.6 MPH)
|
|
Batting: RHB Edwin Cota
|
0-0: Foul Ball, location: 2F 0-1: Ball 1-1: Ground out 3-1 (Groundball, 34, EV 109.4 MPH)
|
|
Batting: RHB Tim Nettles
|
0-0: Ball 1-0: Ball 2-0: Ball 3-0: Called Strike 3-1: Base on Balls
|
|
Batting: LHB Rodolfo Cano
|
0-0: Single, Error in OF, E8, batter to second base (Line Drive, 4MD, EV 103.8 MPH) Tim Nettles to third
|
|
Batting: LHB Ryan Braden
|
0-0: Ball 1-0: Ground out U3 (Groundball, 3, EV 84.4 MPH)
|
| Bottom of the 8th over - 0 runs, 1 hit, 1 error, 2 left on base; Biloxi 3 - Mississippi 7 |
| TOP OF THE 9TH |
|
Biloxi Shuckers batting - Pitching for Mississippi Braves : RHP Nate Davis
|
|
Batting: RHB Carlos Salazar
|
0-0: Called Strike 0-1: Ball 1-1: Called Strike 1-2: Fly out, F7 (Line Drive, 7, EV 91.2 MPH)
|
|
Batting: SHB Jamel Wright
|
0-0: Ball 1-0: Ball 2-0: Called Strike 2-1: DOUBLE (Flyball, 78D, EV 99.4 MPH)
|
|
Batting: RHB Eric Sullivan
|
0-0: Ball 1-0: Called Strike 1-1: Foul Ball, location: 2F 1-2: Ball 2-2: Strikes out swinging
|
|
Batting: RHB Mike Ball
|
0-0: Foul Ball, location: 2F 0-1: Called Strike 0-2: Strikes out swinging
|
| Top of the 9th over - 0 runs, 1 hit, 0 errors, 1 left on base; Biloxi 3 - Mississippi 7 |
|